 Dungeon Crawl Stone Soup version 0.25-a0-1036-g6f112fb28d (webtiles) character file.

Game seed: 9658858098018017628, levelgen mode: deterministic

200305 Essalna the Thaumaturge (level 18, -14/140 HPs)
             Began as a Gnoll Wizard on May 13, 2020.
             Was the Champion of Ashenzari.
             Demolished by a naga warrior
             ... wielding a +0 dire flail
              (21 damage)
             ... on level 3 of the Snake Pit.
             The game lasted 03:38:19 (49197 turns).

Essalna the Thaumaturge (Gnoll Wizard)             Turns: 49197, Time: 03:38:20

Health: -14/140    AC: 26    Str: 11    XL:     18   Next: 50%
Magic:  23/53      EV: 16    Int: 30    God:    Ashenzari [******]
Gold:   2471       SH: 10    Dex: 16    Spells: 18/44 levels left

rFire    . . .     SeeInvis +   P - +7 hand axe of Gloom {speed, rPois MP+9} (curse)
rCold    . . .     Gourm    .   n - +2 buckler (curse)
rNeg     . . .     Faith    .   h - +6 scale mail "Qicab" {rElec Int-2 Dex+3} (curse)
rPois    +         Spirit   .   Z - +2 helmet (curse)
rElec    +         Reflect  .   B - +0 cloak (curse)
rCorr    .         Harm     .   U - +0 pair of gloves (curse)
MR       +....     Clarity  +   r - +1 pair of boots (curse)
Stlth    ++++......             p - amulet of regeneration (curse)
HPRegen  0.73/turn              T - ring of Elyvilon's Castigation {+Inv +Fly Int+4 SInv} (curse)
MPRegen  0.33/turn              D - ring of magical power

@: lethally poisoned (-14 -> -15), slowed, constricted, very slow
A: distributed training, fangs 1, strong nose
}: 1/15 runes: decaying
a: Curse Item, Scrying, Renounce Religion, Evoke Invisibility, Evoke Flight


You were on level 3 of the Snake Pit.
You worshipped Ashenzari.
Ashenzari was exalted by your worship.
You were not hungry.

You visited 7 branches of the dungeon, and saw 33 of its levels.
You visited the Abyss 1 time.

You collected 2993 gold pieces.
You spent 522 gold pieces at shops.

Inventory:

Hand Weapons
 M - a +7 dagger of freezing
 P - the cursed +7 hand axe of Gloom (weapon) {speed, rPois MP+9}
   (You found it on level 13 of the Dungeon)

   Attacks with this weapon are significantly faster.
   It protects you from poison.
   It affects your magic capacity (+9).
   It has a curse placed upon it.
Armour
 c - a scarf of cloud immunity
 h - the cursed +6 scale mail "Qicab" (worn) {rElec Int-2 Dex+3}
   (You took it off an orc on level 4 of the Dungeon)

   It affects your intelligence (-2).
   It affects your dexterity (+3).
   It insulates you from electricity.
   It has a curse placed upon it.
 n - a cursed +2 buckler (worn)
 r - a cursed +1 pair of boots (worn)
 B - a cursed +0 cloak (worn)
 U - a cursed +0 pair of gloves (worn)
 Z - a cursed +2 helmet (worn)
Magical Staves
 C - an uncursed staff of earth
Jewellery
 i - an uncursed ring of resist corrosion
 l - an uncursed amulet of magic regeneration
 p - a cursed amulet of regeneration (around neck)
 t - a +4 ring of dexterity
 u - an uncursed ring of wizardry
 y - a +3 ring of protection
 D - a ring of magical power (right hand)
 E - an uncursed ring of magical power
 I - a +3 ring of strength
 K - an uncursed ring of see invisible
 Q - an uncursed ring of ice
 T - the cursed ring of Elyvilon's Castigation (left hand) {+Inv +Fly Int+4 SInv}
   (You found it on level 1 of the Swamp)

   [ring of flight]

   It affects your intelligence (+4).
   It lets you see invisible.
   It lets you turn invisible.
   It lets you fly.
   It has a curse placed upon it.
Wands
 a - a wand of acid (7)
 b - a wand of enslavement (16)
 s - a wand of flame (27)
 J - a wand of iceblast (45)
 N - a wand of digging (9)
 S - a wand of disintegration (50)
Scrolls
 e - a scroll of fog
 g - 9 scrolls of remove curse
 o - 2 scrolls of immolation
 q - a scroll of enchant weapon
 v - 21 scrolls of identify
 A - 2 scrolls of teleportation
 F - 5 scrolls of amnesia
 G - 3 scrolls of noise
 H - 2 scrolls of enchant armour
 V - a scroll of vulnerability
 W - 5 scrolls of magic mapping
Potions
 f - 4 potions of brilliance
 j - 6 potions of lignification
 k - a potion of invisibility
 w - 2 potions of cancellation
 x - a potion of flight
 z - 5 potions of haste
 L - 3 potions of magic
 O - 5 potions of resistance
 R - 11 potions of stabbing
 X - 6 potions of curing
Miscellaneous
 m - 2 phantom mirrors
Comestibles
 d - 39 rations


   Skills:
 + Level 12.0 Fighting
 + Level 12.0 Short Blades
 + Level 12.0 Long Blades
 + Level 12.0(16.2) Axes
 + Level 12.0 Maces & Flails
 + Level 12.0 Polearms
 + Level 12.0 Staves
 + Level 12.0 Slings
 + Level 12.0 Bows
 + Level 12.0 Crossbows
 + Level 12.0 Throwing
 + Level 12.0(16.2) Armour
 + Level 12.7(16.8) Dodging
 + Level 12.6 Stealth
 + Level 12.0(14.7) Shields
 + Level 12.0 Unarmed Combat
 + Level 13.6 Spellcasting
 + Level 10.5(13.3) Conjurations
 + Level 10.3(13.1) Hexes
 + Level 10.3(13.1) Charms
 + Level 10.5(13.3) Summonings
 + Level 10.3(13.1) Necromancy
 + Level 10.5(13.3) Translocations
 + Level 10.3(13.1) Transmutations
 + Level 10.3(13.1) Fire Magic
 + Level 10.3(13.1) Ice Magic
 + Level 10.3(13.1) Air Magic
 + Level 10.3(13.1) Earth Magic
 + Level 10.3(13.1) Poison Magic
 + Level 13.0 Invocations
 + Level 12.0(14.7) Evocations


You had 18 spell levels left.
You knew the following spells:

 Your Spells              Type           Power        Failure   Level  Hunger
a - Magic Dart            Conj           ####         1%          1    None
b - Mephitic Cloud        Conj/Pois/Air  #######.     1%          3    None
c - Summon Butterflies    Summ           #######.     1%          1    None
d - Sticky Flame          Conj/Fire      #######.     1%          4    None
e - Fireball              Conj/Fire      #######...   1%          5    None
f - Yara's Violent Unrav  Hex/Tmut       #######...   1%          5    None
g - Summon Hydra          Summ           #######...   28%         7    #####..

Your spell library contained the following spells:

 Spells                   Type           Power        Failure   Level  Hunger
 Corona                   Hex            #######      1%          1    None
 Foxfire                  Conj/Fire      ####         1%          1    None
 Sandblast                Erth           ######       1%          1    None
 Blink                    Tloc           N/A          1%          2    None
 Call Imp                 Summ           #######.     1%          2    None
 Ensorcelled Hibernation  Hex/Ice        ######       1%          2    None
 Passwall                 Tmut/Erth      #######.     1%          2    None
 Slow                     Hex            #######.     1%          2    None
 Call Canine Familiar     Summ           #######.     1%          3    None
 Confusing Touch          Hex            #######.     1%          3    None
 Conjure Flame            Conj/Fire      #######.     1%          3    None
 Dazzling Flash           Conj/Hex       ######       1%          3    None
 Inner Flame              Hex/Fire       #######.     1%          3    None
 Portal Projectile        Hex/Tloc       ######       1%          3    None
 Stone Arrow              Conj/Erth      ######       1%          3    None
 Tukima's Dance           Hex            #######.     1%          3    None
 Cause Fear               Hex            #######...   1%          4    None
 Leda's Liquefaction      Hex/Erth       #######...   1%          4    None
 Petrify                  Tmut/Erth      #######.     1%          4    None
 Summon Ice Beast         Ice/Summ       #######.     1%          4    None
 Lee's Rapid Deconstruct  Erth           #######...   1%          5    None
 Silence                  Hex/Air        #######...   1%          5    None
 Summon Mana Viper        Hex/Summ       #######.     1%          5    None
 Discord                  Hex            #######...   93%         8    #######


Dungeon Overview and Level Annotations

Branches:
Dungeon (15/15)            Temple (1/1) D:7            Lair (6/6) D:9
  Swamp (4/4) Lair:2        Snake (4/4) Lair:2        Slime (0/5) Lair:6
    Orc (2/2) D:12            Elf (0/3) Orc:2        Vaults (0/5) D:14
 Depths (1/5) D:15

Altars:
Ashenzari
Cheibriados
Dithmenos
Elyvilon
Fedhas
Gozag
Hepliaklqana
Makhleb
Nemelex Xobeh
Okawaru
Qazlal
Ru
Sif Muna
Trog
Uskayaw
Vehumet
Wu Jian
Xom
Yredelemnul
The Shining One
Beogh

Shops:
D:12 =   Orc:2 ([*=   Snake:4 %

Annotations:
D:12 2 transporters, qipq's ghost, journeyman DsGl
Lair:1 1 transporter
Lair:3 2 transporters, tmanko2's ghost, journeyman GrFi
Lair:6 3 runed translucent doors, Essalna's ghost, journeyman HuCj
Swamp:4 Lernaean hydra


Innate Abilities, Weirdness & Mutations

Your experience applies equally to all skills.
You have very sharp teeth.
Your uncanny sense of smell can sniff out nearby items.


Message History

You block the splash of poison.
* * * LOW HITPOINT WARNING * * *
The naga warrior constricts you.
You hit the guardian serpent.
The guardian serpent is almost dead.
You hit the naga warrior. You hit the naga mage but do no damage.
The naga warrior burns!
The guardian serpent burns!
You kill the guardian serpent!
The naga mage burns!
You block the naga mage's attack.
The naga warrior's grasp on you weakens, but your attempt to escape fails.
You feel sick.
The naga warrior burns!
The naga warrior stops burning.
The naga mage burns!
The naga warrior hits you with a +0 dire flail!!
* * * LOW HITPOINT WARNING * * *
The naga warrior constricts you.
The naga mage points at you and mumbles some strange words.
The bolt of poison hits you. You resist.
* * * LOW HITPOINT WARNING * * *
The naga warrior hits you with a +0 dire flail!!
You die...

#..........###.####...######.#
...........##..............#.#
##########.##..##.....#.##.#.#
##########.##).##......###.#.#
...............().>........#.#
.#########.....#/.....:..###.###
.# #..^...#....._...# #...# .#
#....(.#.##......# ###.## .#
#....(##@##......# #... .#
##..#..NN######### #### .#
#..####.# .# #..######
.#########.....#
........###.##.####### .######.#
#.#........# ......#.#
#.#..#####'######### .####.#.#
#.#..# #...........#


You could see a naga warrior and a naga mage (burning).

Vanquished Creatures
  Jorgrun (D:12)
  Kirke (D:12)
  A nagaraja (Snake:3)
  A fire giant (D:12)
  An orc warlord (Orc:2)
  Louise (D:15)
  A stone giant (Orc:2)
  2 dire elephants
  Josephine (D:12)
  5 naga warriors
  A rakshasa (D:15)
  16 hydras
  3 shambling mangroves (Swamp:3)
  10 anacondas
  A catoblepas (Lair:5)
  A death knight (D:12)
  19 alligators
  4 two-headed ogres
  2 dancing weapons (D:14)
  3 death yaks
  A centaur warrior (D:15)
  3 tengu warriors
  4 orc high priests
  7 naga sharpshooters
  3 shock serpents
  Urug (Lair:5)
  Sonja (Lair:5)
  2 salamander mystics (Snake:3)
  4 skeletal warriors
  Nergalle (D:12)
  An iron troll (D:15)
  A deep troll (shapeshifter) (D:12)
  3 naga ritualists
  An unseen horror (D:12)
  2 sea snakes (Snake:2)
  8 swamp dragons
  A spriggan druid (Swamp:3)
  2 lindwurms (Swamp:4)
  7 orc knights
  2 deep elf magi
  Pikel (D:5)
  8 orc sorcerers
  A wolf spider (D:15)
  4 mana vipers
  5 cyclopes
  10 salamanders
  2 ugly things
  4 manticores
  28 elephants
  Psyche (D:10)
  4 guardian serpents
  8 naga magi
  Maurice (Orc:1)
  25 black mambas
  2 gargoyles
  21 spiny frogs
  11 komodo dragons
  A kobold demonologist (D:12)
  A yaktaur (D:13)
  A queen bee (D:12)
  4 polar bears
  2 tengu conjurers (D:14)
  10 trolls
  A merfolk (D:10)
  6 meliai (D:12)
  14 tyrant leeches
  24 slime creatures
  14 hornets
  7 dream sheep (Lair:5)
  15 hippogriffs
  3 bog bodies
  A wind drake (shapeshifter) (D:12)
  34 blink frogs
  The ghost of mandick the Magician, an amateur OpWz (D:3)
  4 wraiths (D:12)
  12 spriggans
  2 centaur simulacra
  2 shadows
  A small abomination (Lair:5)
  2 wyverns
  40 yaks
  2 basilisks
  3 hogs (D:12)
  A steam dragon (D:10)
  20 vampire mosquitoes
  18 swamp worms
  A warg (Orc:2)
  Edmund (D:5)
  10 insubstantial wisps (Swamp:3)
  20 nagas
  An acid dragon (D:15)
  21 water moccasins
  8 porcupines
  An eye of draining (D:10)
  52 orc warriors
  7 sky beasts
  3 phantoms
  15 swamp drakes
  A hornet zombie (D:15)
  3 necrophages
  16 ogres
  3 ice beasts
  11 centaurs
  10 wolves
  9 crocodiles
  4 big kobolds
  2 wyvern zombies
  33 bullfrogs
  5 gnoll sergeants (D:12)
  5 scorpions
  5 wyvern skeletons
  A water moccasin zombie (D:9)
  41 killer bees
  7 howler monkeys
  4 electric eels
  8 crimson imps
  20 jellies
  5 centaur zombies
  8 hounds
  26 orc priests
  Crazy Yiuf (D:3)
  A bullfrog skeleton (D:13)
  4 centaur skeletons
  3 iguanas
  31 orc wizards
  5 hell rats (Lair:3)
  18 worker ants
  A hound skeleton (D:9)
  A worker ant zombie (D:9)
  13 gnolls
  15 adders
  4 shadow imps
  2 oozes
  4 worms
  An adder skeleton (D:6)
  A dart slug (D:4)
  7 leopard geckos
  134 orcs
  A ball python (D:1)
  8 giant cockroaches
  5 goblins
  10 hobgoblins
  4 jackals (D:5)
  5 quokkas
  4 bats
  6 frilled lizards
  A giant cockroach zombie (D:5)
  A jackal skeleton (D:6)
  13 kobolds
  2 quokka skeletons
  7 rats
  A plant (Lair:6)
1193 creatures vanquished.

Vanquished Creatures (collateral kills)
  A swamp worm (Swamp:2)
  A gnoll sergeant (D:12)
2 creatures vanquished.

Vanquished Creatures (others)
  An electric eel (D:9)
  2 orcs (Orc:2)
  67 fungi
  81 plants
151 creatures vanquished.

Grand Total: 1346 creatures vanquished

Notes
Turn   | Place    | Note
-------+----------+-------------------------------------------
     0 | D:1      | Essalna the Gnoll Wizard began the quest for the Orb.
     0 | D:1      | Reached XP level 1. HP: 13/13 MP: 8/8
    94 | D:1      | Reached XP level 2. HP: 12/19 MP: 0/10
   687 | D:1      | Reached XP level 3. HP: 25/25 MP: 9/11
  1295 | D:2      | Reached skill level 1 in Invocations
  1821 | D:3      | Reached skill level 1 in Fighting
  1821 | D:3      | Reached skill level 1 in Short Blades
  1821 | D:3      | Reached skill level 1 in Long Blades
  1821 | D:3      | Reached skill level 1 in Axes
  1821 | D:3      | Reached skill level 1 in Maces & Flails
  1821 | D:3      | Reached skill level 1 in Polearms
  1821 | D:3      | Reached skill level 1 in Staves
  1821 | D:3      | Reached skill level 1 in Slings
  1821 | D:3      | Reached skill level 1 in Bows
  1821 | D:3      | Reached skill level 1 in Crossbows
  1821 | D:3      | Reached skill level 1 in Throwing
  1821 | D:3      | Reached skill level 1 in Armour
  1821 | D:3      | Reached skill level 1 in Shields
  1821 | D:3      | Reached skill level 1 in Unarmed Combat
  1821 | D:3      | Reached skill level 1 in Evocations
  1821 | D:3      | Reached XP level 4. HP: 32/32 MP: 9/13
  2527 | D:2      | Learned a level 3 spell: Mephitic Cloud
  2708 | D:2      | Reached skill level 1 in Hexes
  2708 | D:2      | Reached skill level 1 in Charms
  2708 | D:2      | Reached skill level 1 in Necromancy
  2708 | D:2      | Reached skill level 1 in Transmutations
  2708 | D:2      | Reached skill level 1 in Fire Magic
  2708 | D:2      | Reached skill level 1 in Ice Magic
  2708 | D:2      | Reached skill level 1 in Air Magic
  2708 | D:2      | Reached skill level 1 in Earth Magic
  2708 | D:2      | Reached skill level 1 in Poison Magic
  2719 | D:2      | Reached XP level 5. HP: 37/37 MP: 1/14
  3487 | D:3      | Noticed a big kobold
  3498 | D:3      | Killed a big kobold
  3608 | D:3      | Found a runed translucent door.
  3609 | D:3      | Noticed Crazy Yiuf
  3812 | D:3      | Reached XP level 6. HP: 44/44 MP: 6/16
  4260 | D:3      | Reached skill level 5 in Dodging
  4448 | D:4      | Found a runed translucent gate.
  4448 | D:4      | Found a runed translucent gate.
  4448 | D:4      | Found a runed translucent gate.
  4448 | D:4      | Noticed a phantom
  4466 | D:4      | Killed a phantom
  4553 | D:4      | Reached XP level 7. HP: 48/50 MP: 2/18
  4896 | D:4      | Found a sparkling altar of Nemelex Xobeh.
  5133 | D:4      | Noticed mandick's ghost (amateur OpWz)
  5286 | D:4      | Identified the +6 scale mail "Qicab" {rElec Int-2 Dex+3}
  5937 | D:4      | Found a roughly hewn altar of Beogh.
  6066 | D:3      | Killed mandick's ghost
  6066 | D:3      | Reached skill level 5 in Stealth
  6343 | D:3      | Killed Crazy Yiuf
  6466 | D:5      | Entered Level 5 of the Dungeon
  6482 | D:5      | Reached XP level 8. HP: 44/57 MP: 8/19
  6649 | D:5      | Noticed Edmund
  6713 | D:5      | Killed Edmund
  7175 | D:5      | Noticed Pikel
  7211 | D:5      | Killed Pikel
  7211 | D:5      | Reached XP level 9. HP: 33/65 MP: 11/21
  7637 | D:5      | Found a white marble altar of Elyvilon.
  7637 | D:5      | Found a sacrificial altar of Ru.
  7998 | D:5      | Found a basalt altar of Yredelemnul.
  7999 | D:5      | Found a hazy altar of Hepliaklqana.
  8764 | D:7      | Found a staircase to the Ecumenical Temple.
  8773 | Temple   | Entered the Ecumenical Temple
  8822 | Temple   | Became a worshipper of Ashenzari the Shackled
  9577 | D:6      | Found a shimmering blue altar of Sif Muna.
  9577 | D:6      | Found an opulent altar of Gozag.
  9580 | D:6      | Found a glowing golden altar of the Shining One.
  9620 | D:8      | Reached skill level 5 in Invocations
  9923 | D:8      | Reached XP level 10. HP: 45/73 MP: 9/22
 10387 | D:8      | Reached * piety under Ashenzari
 10390 | D:8      | Learned a level 1 spell: Summon Butterflies
 11176 | D:9      | Reached skill level 5 in Fighting
 11176 | D:9      | Reached skill level 5 in Short Blades
 11176 | D:9      | Reached skill level 5 in Long Blades
 11176 | D:9      | Reached skill level 5 in Axes
 11176 | D:9      | Reached skill level 5 in Maces & Flails
 11176 | D:9      | Reached skill level 5 in Polearms
 11176 | D:9      | Reached skill level 5 in Staves
 11176 | D:9      | Reached skill level 5 in Slings
 11176 | D:9      | Reached skill level 5 in Bows
 11176 | D:9      | Reached skill level 5 in Crossbows
 11176 | D:9      | Reached skill level 5 in Throwing
 11176 | D:9      | Reached skill level 5 in Armour
 11176 | D:9      | Reached skill level 5 in Shields
 11176 | D:9      | Reached skill level 5 in Unarmed Combat
 11176 | D:9      | Reached skill level 5 in Evocations
 11327 | D:10     | Entered Level 10 of the Dungeon
 11804 | D:10     | Noticed Psyche
 11805 | D:10     | Killed Psyche
 11931 | D:10     | Reached skill level 5 in Conjurations
 11931 | D:10     | Reached skill level 5 in Summonings
 11931 | D:10     | Reached skill level 5 in Translocations
 12149 | D:10     | Noticed a two-headed ogre
 12161 | D:10     | Found a hazy altar of Hepliaklqana.
 12913 | D:9      | Reached XP level 11. HP: 68/81 MP: 21/24
 13028 | D:9      | Found a staircase to the Lair.
 13253 | D:9      | Learned a level 4 spell: Sticky Flame
 13285 | Lair:1   | Entered Level 1 of the Lair of Beasts
 13441 | Lair:1   | Found a transporter.
 13475 | Lair:1   | Found a transporter.
 13475 | Lair:1   | Noticed a swamp dragon
 13475 | Lair:1   | Noticed a swamp dragon
 13475 | Lair:1   | Noticed a swamp dragon
 13477 | Lair:1   | Noticed a swamp dragon
 14131 | Lair:1   | Reached ** piety under Ashenzari
 14252 | Lair:1   | Reached skill level 5 in Hexes
 14252 | Lair:1   | Reached skill level 5 in Charms
 14252 | Lair:1   | Reached skill level 5 in Necromancy
 14252 | Lair:1   | Reached skill level 5 in Transmutations
 14252 | Lair:1   | Reached skill level 5 in Fire Magic
 14252 | Lair:1   | Reached skill level 5 in Ice Magic
 14252 | Lair:1   | Reached skill level 5 in Air Magic
 14252 | Lair:1   | Reached skill level 5 in Earth Magic
 14252 | Lair:1   | Reached skill level 5 in Poison Magic
 15479 | Lair:3   | Identified the +4 shortbow "Sukefony" {venom, +Blink Int+4}
 16110 | Lair:3   | Reached *** piety under Ashenzari
 16175 | Lair:2   | Reached XP level 12. HP: 17/89 MP: 6/25
 16512 | Lair:2   | Reached skill level 10 in Spellcasting
 16591 | Lair:2   | Noticed a dire elephant
 17059 | Lair:3   | Noticed tmanko2's ghost (journeyman GrFi)
 17062 | Lair:3   | Found a transporter.
 17068 | Lair:3   | Found a transporter.
 17780 | Lair:4   | Noticed a death yak
 17815 | Lair:4   | Noticed a death yak
 17836 | Lair:3   | Killed a death yak
 18592 | Lair:4   | Noticed a death yak
 18617 | Lair:4   | Killed a death yak
 18626 | Lair:4   | Killed a death yak
 18922 | Lair:4   | Noticed an eight-headed hydra
 18943 | Lair:4   | Killed an eight-headed hydra
 19490 | Lair:5   | Reached XP level 13. HP: 98/98 MP: 21/27
 19551 | Lair:5   | Noticed Urug
 19578 | Lair:5   | Killed Urug
 19712 | Lair:5   | Reached **** piety under Ashenzari
 19966 | Lair:5   | Found the +7 Singing Sword {vorpal, sonic wave}
 20222 | Lair:5   | Noticed Sonja
 20232 | Lair:5   | Cast into level 1 of the Abyss (Sonja)
 20284 | Lair:5   | Escaped the Abyss
 20411 | Lair:5   | Killed Sonja
 21082 | Lair:6   | Entered Level 6 of the Lair of Beasts
 21312 | Lair:6   | Found a staircase to the Slime Pits.
 21991 | Lair:6   | Learned a level 5 spell: Fireball
 22005 | Lair:6   | Found a runed translucent gate.
 22005 | Lair:6   | Found a runed translucent gate.
 22005 | Lair:6   | Found a runed translucent gate.
 22006 | Lair:6   | Noticed Essalna's ghost (journeyman HuCj)
 22008 | Lair:6   | Identified the +2 broad axe of Havoc {pain, +Fly rF- rC+
                  | Int+3}
 22734 | Lair:6   | Reached XP level 14. HP: 12/106 MP: 20/29
 23644 | Lair:6   | Reached skill level 10 in Dodging
 24721 | Lair:5   | HP: 5/106 [catoblepas (6)]
 25251 | Lair:2   | Killed a dire elephant
 25397 | Lair:2   | Found a staircase to the Snake Pit.
 25456 | Lair:2   | Reached skill level 10 in Stealth
 25744 | Lair:2   | Reached skill level 10 in Invocations
 25870 | Lair:2   | Found a staircase to the Swamp.
 25997 | Lair:2   | Reached ***** piety under Ashenzari
 28075 | D:11     | Identified the cursed +1 flail "Liytec" {vorpal, rN+ Dex-4
                  | Stlth+}
 28133 | D:12     | Found Xoroen's Jewellery Shoppe.
 28369 | D:12     | Noticed Nergalle
 28820 | D:12     | Killed Nergalle
 29002 | D:12     | Noticed Josephine
 29028 | D:12     | Killed Josephine
 29095 | D:12     | Reached XP level 15. HP: 107/114 MP: 5/30
 29293 | D:12     | Found a staircase to the Orcish Mines.
 29418 | D:12     | Noticed Kirke
 29565 | D:12     | Noticed a sphinx
 29571 | D:12     | Killed Kirke
 29692 | D:12     | Noticed qipq's ghost (journeyman DsGl)
 29696 | D:12     | Identified the +10 dire flail "Fisinnug" {drain, Fragile
                  | rElec MP+9 Int+3}
 29701 | D:12     | Found a transporter.
 29705 | D:12     | Found a transporter.
 30766 | D:12     | Noticed a fire giant
 30773 | D:12     | Noticed a fire giant
 30774 | D:12     | a fire giant changed into an iron troll
 31041 | Orc:1    | Entered Level 1 of the Orcish Mines
 31041 | Orc:1    | Noticed Maurice
 31046 | Orc:1    | Killed Maurice
 31901 | Orc:2    | Entered Level 2 of the Orcish Mines
 32217 | Orc:2    | Reached skill level 10 in Fighting
 32217 | Orc:2    | Reached skill level 10 in Short Blades
 32217 | Orc:2    | Reached skill level 10 in Long Blades
 32217 | Orc:2    | Reached skill level 10 in Axes
 32217 | Orc:2    | Reached skill level 10 in Maces & Flails
 32217 | Orc:2    | Reached skill level 10 in Polearms
 32217 | Orc:2    | Reached skill level 10 in Staves
 32217 | Orc:2    | Reached skill level 10 in Slings
 32217 | Orc:2    | Reached skill level 10 in Bows
 32217 | Orc:2    | Reached skill level 10 in Crossbows
 32217 | Orc:2    | Reached skill level 10 in Throwing
 32217 | Orc:2    | Reached skill level 10 in Armour
 32217 | Orc:2    | Reached skill level 10 in Shields
 32217 | Orc:2    | Reached skill level 10 in Unarmed Combat
 32217 | Orc:2    | Reached skill level 10 in Evocations
 33293 | Orc:2    | Noticed an orc warlord
 33359 | Orc:2    | Killed an orc warlord
 33762 | Orc:2    | Found a staircase to the Elven Halls.
 34250 | Orc:2    | Found Qomiro's General Store.
 34306 | Orc:2    | Found Fueji's Jewellery Shoppe.
 34313 | Orc:2    | Found Nahomin's Antique Armour Shoppe.
 34313 | Orc:2    | Found Ecohimp's Antique Weapon Emporium.
 34319 | Orc:2    | Bought a scroll of remove curse for 36 gold pieces
 34319 | Orc:2    | Bought a scroll of remove curse for 36 gold pieces
 34505 | Orc:1    | Found a roughly hewn altar of Beogh.
 35026 | D:12     | Bought an uncursed amulet of regeneration for 450 gold
                  | pieces
 35266 | D:12     | Noticed Jorgrun
 35278 | D:12     | Killed Jorgrun
 35455 | D:12     | Killed a fire giant
 35455 | D:12     | Reached XP level 16. HP: 80/122 MP: 24/32
 35468 | D:12     | Learned a level 5 spell: Yara's Violent Unravelling
 36131 | D:13     | Identified the +7 hand axe of Gloom {speed, rPois MP+9}
 36793 | D:13     | Reached ****** piety under Ashenzari
 37186 | D:14     | Found a gate to the Vaults.
 37829 | D:15     | Entered Level 15 of the Dungeon
 38000 | D:15     | Found a staircase to the Depths.
 38375 | D:15     | Noticed Louise
 38412 | D:15     | Killed Louise
 38468 | D:15     | Found a roughly hewn altar of Beogh.
 38830 | D:15     | Found a stormy altar of Qazlal.
 39508 | Depths:1 | Entered Level 1 of the Depths
 39683 | Swamp:1  | Entered Level 1 of the Swamp
 40281 | Swamp:1  | Identified the ring of Elyvilon's Castigation {+Inv +Fly
                  | Int+4 SInv}
 41061 | Swamp:2  | Learned a level 7 spell: Summon Hydra
 41563 | Swamp:2  | Reached XP level 17. HP: 131/131 MP: 14/33
 43651 | Swamp:3  | Identified the +0 long sword of Plog {venom, *Corrode rC++
                  | Int+4 Stlth+}
 43753 | Swamp:3  | Identified the +9 dagger of Yeast {holy, Dex+2 Stlth+}
 43753 | Swamp:3  | Identified the cursed +1 ring mail of Ytuete {+Inv Regen+
                  | Dex+6}
 43949 | Swamp:4  | Entered Level 4 of the Swamp
 44180 | Swamp:4  | Noticed the 27-headed Lernaean hydra
 44183 | Swamp:4  | Reached skill level 10 in Conjurations
 44183 | Swamp:4  | Reached skill level 10 in Summonings
 44183 | Swamp:4  | Reached skill level 10 in Translocations
 44747 | Swamp:4  | Got a decaying rune of Zot
 44965 | Snake:1  | Entered Level 1 of the Snake Pit
 46031 | Snake:1  | Reached skill level 10 in Hexes
 46031 | Snake:1  | Reached skill level 10 in Charms
 46031 | Snake:1  | Reached skill level 10 in Necromancy
 46031 | Snake:1  | Reached skill level 10 in Transmutations
 46031 | Snake:1  | Reached skill level 10 in Fire Magic
 46031 | Snake:1  | Reached skill level 10 in Ice Magic
 46031 | Snake:1  | Reached skill level 10 in Air Magic
 46031 | Snake:1  | Reached skill level 10 in Earth Magic
 46031 | Snake:1  | Reached skill level 10 in Poison Magic
 46508 | Snake:2  | Reached XP level 18. HP: 32/139 MP: 29/35
 48350 | Snake:3  | Found a sacrificial altar of Ru.
 48981 | Snake:4  | Entered Level 4 of the Snake Pit
 48981 | Snake:4  | Found Liywush's Food Boutique.
 49197 | Snake:3  | HP: 7/140 [naga mage/bolt of poison (4)]
 49197 | Snake:3  | Demolished by a naga warrior

Illustrated notes

Levels and vault maps discovered:
D:1:      minmay_arrival_glassed_features, layout_basic
D:2:      layout_basic, minmay_distorted
D:3:      layout_basic, uniq_crazy_yiuf_cottage
D:4:      layout_layer_cave, nemelex_xobeh_ov_fountains_minmay,
          biasface_ghost_orc_armoury, abandoned_shop
D:5:      layout_loops_ring, gammafunk_temple_overflow_elements,
          gammafunk_temple_overflow_pools, first_ration, uniq_edmund, uniq_pikel
D:6:      layout_rooms, nicolae_overflow_hidden_temple
D:7:      layout_rooms, minmay_temple_entry_slanted
D:8:      layout_basic
D:9:      layout_roguey, erik_lair_island
D:10:     layout_loops_ring, basic_altar, hangedman_fish_farm, uniq_psyche
D:11:     layout_stronghold
D:12:     regret_index_wax_grids, layout_cave_pods,
          kennysheep_orc_monster_closet_entryway, gammafunk_ghost_smash,
          serial_shops, shop, uniq_jorgrun, uniq_kirke, uniq_josephine,
          uniq_nergalle
D:13:     minmay_the_grid_octo_tiled_squarecenter
          [minmay_the_grid_octo_fan_narrow, minmay_the_grid_octo_clover,
          minmay_the_grid_octo_77, minmay_the_grid_octo_focus,
          minmay_the_grid_square_5x5_megaprize_hollow,
          minmay_the_grid_square_5x5_bracketed,
          minmay_the_grid_square_5x5_inner_i,
          minmay_the_grid_square_5x5_one_wall,
          minmay_the_grid_square_5x5_pentomino_r], layout_irregular_city,
          minmay_holes
D:14:     layout_roguey, erik_vaults_1, minmay_misc_feat_hallway
D:15:     hangedman_depths_entry_try_elsewhere_first, layout_loops_ring,
          special_room [special_room_orc], nicolae_qazlal_general_emergency,
          uniq_louise
Temple:   eino_narrow_crystal_temple
Lair:1:   gammafunk_cloud_chamber, layout_gridlike, st_stairs_6,
          chequers_serial_rivers_micro_d, zaba_anthole, grunt_megastairs_3
Lair:2:   mu_elephants_graveyard, layout_regular_city, skrybe_swamp_entry_bodies
Lair:3:   layout_gridlike, gammafunk_ghost_hive, wad_woods_river_01
Lair:4:   layout_cave_pods, serial_bayou_pond_a, beast_lair_carwin_3
Lair:5:   layout_gridlike, minivault_27, kennysheep_catoblepas_arena,
          uniq_sonja, uniq_urug
Lair:6:   minmay_lair_end_frog_pond, layout_big_grid,
          minmay_slime_entry_jelly_boxes, gammafunk_ghost_hydra_chop,
          minivault_24, chequers_serial_rivers_micro_e
Swamp:1:  layout_basic_swamp, hangedman_swamp_ruin_hall
Swamp:2:  layout_falls_marsh, evilmike_swamp_ruin_house_3
Swamp:3:  layout_falls_marsh, hangedman_swamp_blocks, swamp_pool3,
          grunt_hermit_hut
Swamp:4:  swamp_alternative, layout_basic_swamp, swamp_pool2
Snake:1:  layout_chambers
Snake:2:  layout_misc_corridors, serial_bayou_pond_b, drop_trap,
          nicolae_snake_squiggles
Snake:3:  layout_basic, basic_altar, drop_trap, serial_bayou_shore_b
Snake:4:  minmay_snake_end_coiled, layout_onion, serial_shops, shop, shop, shop,
          nicolae_shop_competitors_out_of_business, shop, serial_bayou_pond_b
Orc:1:    layout_diamond_mine, basic_altar, minmay_orc_barracks, uniq_maurice
Orc:2:    st_orc_congregation, layout_caves, rock_pile
Depths:1: layout_cave_pools, hangedman_abyss_or_decor_passed, serial_shops,
          shop, hell_entry, ebering_ghost_inner_flame, minivault_16,
          minmay_misc_feat_tower, wad_floor_pattern_1, wad_scary_box,
          uniq_enchantress

Skill      XL: |  1  2  3  4  5  6  7  8  9 10 11 12 13 14 15 16 17 18 |
---------------+-------------------------------------------------------+-----
Conjurations   | 2 3 4 5 6 7 8 9 10 | 10.5
Summonings     | 2 3 4 5 6 7 8 9 10 | 10.5
Translocations | 2 3 4 5 6 7 8 9 10 | 10.5
Invocations    | 1 2 3 4 5 6 7 8 9 10 11 12 13 | 13.0
Fighting       | 1 2 3 4 5 6 7 8 9 10 11 12 | 12.0
Short Blades   | 1 2 3 4 5 6 7 8 9 10 11 12 | 12.0
Long Blades    | 1 2 3 4 5 6 7 8 9 10 11 12 | 12.0
Axes           | 1 2 3 4 5 6 7 8 9 10 11 12 | 12.0
Maces & Flails | 1 2 3 4 5 6 7 8 9 10 11 12 | 12.0
Polearms       | 1 2 3 4 5 6 7 8 9 10 11 12 | 12.0
Staves         | 1 2 3 4 5 6 7 8 9 10 11 12 | 12.0
Slings         | 1 2 3 4 5 6 7 8 9 10 11 12 | 12.0
Bows           | 1 2 3 4 5 6 7 8 9 10 11 12 | 12.0
Crossbows      | 1 2 3 4 5 6 7 8 9 10 11 12 | 12.0
Throwing       | 1 2 3 4 5 6 7 8 9 10 11 12 | 12.0
Armour         | 1 2 3 4 5 6 7 8 9 10 11 12 | 12.0
Shields        | 1 2 3 4 5 6 7 8 9 10 11 12 | 12.0
Unarmed Combat | 1 2 3 4 5 6 7 8 9 10 11 12 | 12.0
Evocations     | 1 2 3 4 5 6 7 8 9 10 11 12 | 12.0
Hexes          | 1 2 3 4 5 6 7 8 9 10 | 10.3
Charms         | 1 2 3 4 5 6 7 8 9 10 | 10.3
Necromancy     | 1 2 3 4 5 6 7 8 9 10 | 10.3
Transmutations | 1 2 3 4 5 6 7 8 9 10 | 10.3
Fire Magic     | 1 2 3 4 5 6 7 8 9 10 | 10.3
Ice Magic      | 1 2 3 4 5 6 7 8 9 10 | 10.3
Air Magic      | 1 2 3 4 5 6 7 8 9 10 | 10.3
Earth Magic    | 1 2 3 4 5 6 7 8 9 10 | 10.3
Poison Magic   | 1 2 3 4 5 6 7 8 9 10 | 10.3
Dodging        | 5 6 7 8 9 10 11 12 | 12.7
Stealth        | 5 6 7 8 9 10 11 12 | 12.6
Spellcasting   | 8 9 10 11 12 13 | 13.6

Action                   |  1- 3 |  4- 6 |  7- 9 | 10-12 | 13-15 | 16-18 || total
-------------------------+-------+-------+-------+-------+-------+-------++-------
Melee: Unarmed           |    15 |       |       |       |       |       ||    15
       Bite              |     1 |     3 |    52 |   123 |   214 |   244 ||   637
       Spear             |       |    22 |       |       |       |       ||    22
       Falchion          |       |       |   285 |       |       |       ||   285
       Rapier            |       |       |    14 |       |       |       ||    14
       Dagger            |       |       |   111 |   896 |  1860 |   154 ||  3021
       Punch             |       |       |     3 |    20 |    41 |       ||    64
       Hand axe          |       |       |       |       |       |  1820 ||  1820
 Cast: Magic Dart        |    92 |   154 |   145 |    96 |    37 |    48 ||   572
       Mephitic Cloud    |       |     3 |    29 |    62 |   190 |    62 ||   346
       Summon Butterflie |       |       |       |     5 |       |       ||     5
       Sticky Flame      |       |       |       |    17 |   105 |    92 ||   214
       Fireball          |       |       |       |       |    51 |   153 ||   204
       Yara's Violent Un |       |       |       |       |       |     6 ||     6
       Summon Hydra      |       |       |       |       |       |     2 ||     2
Invok: Curse Item        |       |       |     7 |     1 |     2 |     3 ||    13
 Abil: Evoke Invisibilit |       |       |       |       |       |     2 ||     2
Evoke: Wand              |       |       |       |       |     6 |       ||     6
  Use: Scroll            |       |       |    10 |    13 |     3 |    15 ||    41
       Potion            |       |       |     2 |     1 |     5 |     5 ||    13
 Stab: Confused          |       |     1 |    22 |    64 |   188 |   129 ||   404
       Sleeping          |       |       |     2 |     6 |    10 |    16 ||    34
       Invisible         |       |       |       |     4 |     5 |     1 ||    10
       Distracted        |       |       |       |       |     8 |     8 ||    16
  Eat: Chunk             |     3 |     8 |    16 |    28 |    54 |    38 ||   147
       Ration            |       |       |       |     1 |     2 |     3 ||     6
Armor: Robe              |     3 |       |       |       |       |       ||     3
       Ring mail         |     6 |    13 |    11 |       |       |       ||    30
       Scale mail        |       |       |   176 |   325 |   408 |   405 ||  1314
Dodge: Dodged            |    34 |    32 |   240 |   445 |   832 |   663 ||  2246
Block: Buckler           |       |       |       |       |   262 |   524 ||   786
       Rpst.: Falchion   |       |       |    50 |       |       |       ||    50

Table legend:
 A = Non-vault XP
 B = Vault XP
 C = Vault XP percentage of total XP
 D = Non-vault monster count
 E = Vault monster count
 F = Vault count percentage of total count
                 A         B        C        D         E       F
            +---------+---------+-------+---------+---------+-------
      Total |  189361 |   91402 |  32.6 |     826 |     371 |  31.0
            +---------+---------+-------+---------+---------+-------
        D:1 |      45 |       0 |   0.0 |      26 |       0 |   0.0
        D:2 |     109 |       0 |   0.0 |      17 |       0 |   0.0
        D:3 |     297 |     290 |  49.4 |      26 |       3 |  10.3
        D:4 |     395 |      58 |  12.8 |      25 |       7 |  21.9
        D:5 |     793 |     733 |  48.0 |      17 |       2 |  10.5
        D:6 |     355 |       0 |   0.0 |      16 |       0 |   0.0
        D:7 |    1064 |       0 |   0.0 |      22 |       0 |   0.0
        D:8 |    1004 |     307 |  23.4 |      24 |       1 |   4.0
        D:9 |    1696 |     541 |  24.2 |      25 |       6 |  19.4
       D:10 |    3590 |     753 |  17.3 |      38 |       2 |   5.0
       D:11 |    3073 |       0 |   0.0 |      19 |       0 |   0.0
       D:12 |   10048 |   19494 |  66.0 |      32 |      84 |  72.4
       D:13 |    4053 |    4976 |  55.1 |      25 |      24 |  49.0
       D:14 |    6613 |    1808 |  21.5 |      28 |       2 |   6.7
       D:15 |    9936 |    4585 |  31.6 |      30 |      21 |  41.2
     Lair:1 |    2305 |     999 |  30.2 |      10 |       9 |  47.4
     Lair:2 |    2727 |    9038 |  76.8 |      11 |      19 |  63.3
     Lair:3 |    5238 |    3094 |  37.1 |      33 |       8 |  19.5
     Lair:4 |    4769 |    2173 |  31.3 |      22 |       4 |  15.4
     Lair:5 |    7211 |    3935 |  35.3 |      26 |       7 |  21.2
     Lair:6 |    9109 |   12457 |  57.8 |      34 |      60 |  63.8
    Swamp:1 |    9256 |       0 |   0.0 |      17 |       0 |   0.0
    Swamp:2 |   13465 |       0 |   0.0 |      35 |       0 |   0.0
    Swamp:3 |   20439 |     412 |   2.0 |      58 |       1 |   1.7
    Swamp:4 |    7991 |   11039 |  58.0 |      22 |      18 |  45.0
    Snake:1 |   14680 |       0 |   0.0 |      26 |       0 |   0.0
    Snake:2 |   12827 |    2268 |  15.0 |      24 |       3 |  11.1
    Snake:3 |   20606 |       0 |   0.0 |      36 |       0 |   0.0
    Snake:4 |    5237 |       0 |   0.0 |      13 |       0 |   0.0
      Orc:1 |    4004 |    1447 |  26.5 |      45 |      19 |  29.7
      Orc:2 |    6426 |   10995 |  63.1 |      44 |      71 |  61.7
            +---------+---------+-------+---------+---------+-------
